Map: Golden Wall LE

Players

Liquidthermy (uThermal)

  • Race: Terran Terran
  • Spawn Location: 5:00

Solar - Winner!

  • Race: Zerg Zerg
  • Spawn Location: 7:00

Event: StayAtHomestory Cup #2

VOD

Have the link to the VOD?

Description

Time

  • Played on: June 13, 2020, 5:32 a.m.
  • Length: 5:50

All games in this series

Show
View Real Time Build Order
Export as new Build Order

Liquidthermy Terran 

Build Orders: Liberator Opening, Reaper Expand 

Get SALT Encoding   

  12  0:01  SCV  
  13  0:13  SCV  
  14  0:18  Supply Depot  
  14  0:25  SCV  
  15  0:39  SCV  
  15  0:41  Barracks  
  16  0:44  Refinery  
  16  0:51  SCV  
  17  1:04  SCV  
  18  1:16  SCV  
  19  1:28  Reaper, Orbital Command  
  20  1:43  Command Center  
  20  1:52  Supply Depot  
  20  1:54  SCV  
  20  2:00  Marine  
  22  2:06  SCV  
  23  2:10  Factory  
  23  2:17  Refinery  
  23  2:19  SCV  
  23  2:21  Barracks Reactor  
  24  2:31  SCV  
  25  2:43  SCV  
  26  2:54  Orbital Command  
  26  2:55  SCV  
  26  2:56  Starport  
  27  3:03  Hellion x2  
  31  3:07  SCV  
  31  3:09  Barracks Reactor  
  32  3:19  SCV  
  33  3:20  SCV  
  33  3:24  Hellion  
  33  3:25  Supply Depot  
  33  3:26  Hellion  
  38  3:31  SCV  
  38  3:32  SCV  
  40  3:43  SCV  
  40  3:44  SCV  
  40  3:47  Hellion  
  46  3:50  Viking  
  46  3:54  Liberator  
  49  3:55  SCV  
  49  3:56  SCV, Barracks Tech Lab  
  49  4:02  Supply Depot  
  51  4:04  Hellion  
  51  4:07  SCV  
  54  4:20  Command Center  
  54  4:24  SCV, Marine  
  56  4:25  SCV  
  56  4:31  Supply Depot  
  57  4:36  SCV  
  57  4:38  SCV  
  59  4:41  Factory Reactor, Marine  
  60  4:48  SCV  
  60  4:49  Barracks  
  60  4:50  Barracks  
  60  4:51  Starport Reactor  
  61  4:53  SCV  
  61  4:59  Marine  
  63  5:00  SCV  
  63  5:02  Engineering Bay  
  63  5:03  Engineering Bay  
  63  5:05  SCV, Refinery  
  65  5:12  SCV  
  66  5:17  SCV  
  66  5:18  Supply Depot, Widow Mine  
  69  5:24  SCV  
  70  5:32  SCV, Marine  
  74  5:36  SCV  
  76  5:42  Barracks  
  76  5:43  Barracks  
Show
View Real Time Build Order
Export as new Build Order

Solar Zerg - Winner!

Build Orders: Hatch First 

Get SALT Encoding   

  12  0:02  Drone  
  13  0:13  Overlord  
  13  0:19  Drone  
  14  0:32  Drone x2  
  16  0:50  Hatchery  
  16  0:52  Drone  
  16  0:55  Drone  
  17  0:59  Drone  
  18  1:09  Extractor  
  17  1:14  Spawning Pool  
  17  1:18  Drone  
  17  1:21  Drone  
  18  1:32  Drone  
  19  1:41  Drone  
  20  1:53  Overlord  
  20  2:01  Queen x2  
  20  2:02  Zergling x4  
  26  2:13  Drone x2  
  26  2:15  Metabolic Boost  
  28  2:33  Hatchery  
  28  2:35  Drone  
  28  2:41  Drone x2  
  30  2:48  Queen  
  32  2:53  Overlord  
  32  2:56  Drone  
  33  2:58  Drone  
  33  3:02  Drone  
  33  3:03  Drone  
  36  3:13  Drone x4  
  36  3:15  Drone  
  41  3:24  Overlord, Queen  
  43  3:28  Drone  
  43  3:33  Overlord  
  44  3:44  Drone x2  
  44  3:46  Zergling x10  
  51  3:49  Queen  
  51  3:55  Roach Warren  
  52  3:58  Drone, Extractor x2  
  52  4:00  Drone x2  
  53  4:08  Spore Crawler  
  53  4:09  Overlord  
  51  4:10  Drone x2  
  51  4:12  Drone  
  51  4:15  Drone x2  
  56  4:17  Drone  
  56  4:21  Overlord  
  57  4:27  Overlord  
  57  4:36  Roach x3  
  63  4:41  Roach x3  
  63  4:43  Roach  
  70  4:48  Roach x2  
  70  4:51  Roach  
  76  4:54  Overlord  
  76  4:59  Zergling x4  
  78  5:01  Overlord  
  78  5:04  Zergling x4  
  80  5:07  Overlord  
  80  5:12  Ravager x2  
  80  5:13  Ravager x2  
  84  5:17  Zergling x8  
  88  5:23  Overlord  
  88  5:27  Ravager  
  89  5:29  Zergling x10  
Tags
 
Add a new tag
Caveats
  • Supply blocks, unpowered buildings, or Contaminate may cause inaccurate times.
  • Supply counts are checked every 10 seconds.